AoeStats
← Mrcy

Arabia

509375962Analyzed
1v1 RM · 6d ago on Sep 26, 2026· 49m 42s· 2 players
Game mode
Random Map
Map size
Tiny (2 player)
Population
200
Speed
Normal
Resources
Standard
Victory
Conquest
Starting age
Dark Age
Ending age
Imperial Age
RankedLock teamsTeams togetherTeam positionsShared explorationLock speedFull tech treeHidden civsTurbo modeCheats
Victory
Defeat
🇪🇸 Persians · Spain
1118
+17
🇳🇱 Varangians · Netherlands
1129
-17
aleix2003
10:53 Feudal Age
12:13 Loom
12:34 Horse Collar
12:40 Double-Bit Axe
17:26 Wheelbarrow
22:45 Castle Age
21:56 Bloodlines
24:21 Hand Cart
25:13 Scale Barding Armor
25:19 Forging
28:08 Chain Barding Armor
36:06 Iron Casting
35:24 Fletching
35:35 Padded Archer Armor
36:37 Bow Saw
36:43 Thumb Ring
35:58 Crossbowman
38:16 Iron Casting
38:26 Kamandaran
38:33 Gold Mining
38:41 Stone Mining
38:57 Husbandry
41:04 Town Watch
42:20 Ballistics
41:59 Bodkin Arrow
45:38 Imperial Age
43:42 Leather Archer Armor
46:57 Ring Archer Armor
48:55 Chemistry
49:05 Gold Shaft Mining
Mrcy
3:21 Loom
11:44 Feudal Age
14:15 Bloodlines
14:14 Scale Barding Armor
21:34 Horse Collar
22:27 Forging
27:11 Castle Age
25:01 Double-Bit Axe
26:55 Gold Mining
27:12 Pikeman
29:46 Wheelbarrow
29:25 Bow Saw
30:01 Chain Barding Armor
29:59 Husbandry
30:42 Fletching
37:23 Hand Cart
37:29 Heavy Plow
39:00 Scale Mail Armor
41:51 Chain Mail Armor
46:46 Vendel Legacy
Connection lost

Rejoining the realm…

Still unreachable

The connection could not be restored.

Session expired

The server has moved on; the page needs a fresh start.